 Dungeon Crawl Stone Soup version 0.31-a0-496-g6f97920a28 (webtiles) character file.

Game seed: 11857424027247528664

48 AstroCodex24 the Covered (level 3, 0/28 HPs)
             Began as a Vampire Fighter on Aug 8, 2023.
             Slain by a sleepcap (20 damage)
             ... on level 5 of the Dungeon.
             The game lasted 00:03:55 (794 turns).

AstroCodex24 the Covered (Vampire Fighter)           Turns: 794, Time: 00:03:55

Health: 0/28       AC:  6    Str: 17    XL:     3   Next: 50%
Magic:  12/12      EV:  2    Int: 10    God:
Gold:   56         SH:  0    Dex: 15    Spells: 2/2 levels left

rFire   . . .        a - +0 war axe
rCold   . . .        c - +0 buckler
rNeg    . . .        b - +0 scale mail
rPois   .            (no helmet)
rElec   +            (no cloak)
rCorr   .            (no gloves)
SInv    +            (no boots)
Will    .....        (no amulet) Stlth
                     f - ring of Plog {rElec MP+9 Dex+2}
HPRegen 0.44/turn    (no ring)
MPRegen 0.13/turn

%: no passive effects
@: sleeping, healing quickly
A: alive, fangs 3, see invisible, vampiric 2
a: Exsanguinate


You were on level 5 of the Dungeon.
You visited 1 branch of the dungeon, and saw 5 of its levels.

You collected 56 gold pieces.

Inventory:

Hand Weapons
 a - a +0 war axe (weapon)
Armour
 b - a +0 scale mail (worn)
 c - a +0 buckler (worn)
Jewellery
 f - the ring of Plog (left hand) {rElec MP+9 Dex+2}
   (You found it on level 4 of the Dungeon)

   [ring of magical power]

   Dex:       It affects your dexterity (+2).
   rElec:     It insulates you from electricity.
   MP:        It affects your magic capacity (+9).
Scrolls
 e - a scroll of revelation {unknown}
 h - a scroll of noise {unknown}
Potions
 d - a potion of might
 g - a potion of curing {unknown}
 i - a potion of attraction {unknown}


   Skills:
 + Level 2.9 Fighting
 + Level 2.6 Axes
 + Level 3.0 Armour
 + Level 0.4 Stealth
 + Level 2.8 Shields


You had 2 spell levels left.
You didn't know any spells.
Your spell library contained the following spells:

 Spells                   Type           Power      Damage    Failure   Level
 Summon Small Mammal      Summ           0%         N/A       85%         1
 Call Canine Familiar     Summ           0%         N/A       99%         3
 Summon Guardian Golem    Hex/Summ       0%         N/A       99%         3


Dungeon Overview and Level Annotations

Branches:
Dungeon (5/15)
 Temple: D:4-7

Altars:


Innate Abilities, Weirdness & Mutations

Your natural rate of healing is accelerated.
You have razor-sharp teeth.
You have supernaturally acute eyesight. (SInv)
You are afflicted with vampirism and can become a bat while bloodless.


Message History

There is an open door here.
You open the door.
There is an open door here.
Found a quarterstaff.
Found a stone staircase leading down.
You see here a +0 quarterstaff.
Found 12 gold pieces.
There is a stone staircase leading down here.
Found a scroll labelled BAITOSMARUW.
You now have 56 gold pieces (gained 12).
Found a bubbling green potion.
h - a scroll labelled BAITOSMARUW A dart slug comes into view.
The dart slug launches a dart at you. The slug dart misses you.
The dart slug launches a dart at you. The slug dart hits you.
You hit the dart slug.
The dart slug is moderately wounded.
The dart slug bites you but does no damage.
You slash the dart slug!
You kill the dart slug!
Found a stone staircase leading down.
i - a bubbling green potion You hear a distant slurping noise.
There is a stone staircase leading down here.
You climb downwards.
Found a glowing red potion.
There is a stone staircase leading up here.
There is a stone staircase leading up here.
A sleepcap comes into view.
You hit the sleepcap but do no damage. The sleepcap releases spores at you.
You slash the sleepcap! You bite the sleepcap.
The sleepcap is moderately damaged.
The sleepcap releases spores at you.
You are engulfed in a cloud of soporific spores!
You fall asleep.
The sleepcap releases spores at you!!
Ouch! That really hurt!
You die...

.. #### .# ..##
.## #..#####.#
..######
#........#
........##
##.@f....# .!.#
#..#
##..###...# .##
#.####..## .#
..# ##..##..##
#.#####......##
##..........##
########..##
#..## ####


You could see a sleepcap.

Vanquished Creatures
  3 adders
  A dart slug (D:4)
  An orc (D:3)
  An endoplasm (D:4)
  2 hobgoblins
  3 kobolds
  2 quokkas
  2 ball pythons
  2 bats
  A rat (D:3)
18 creatures vanquished.

Notes
Turn   | Place    | Note
-------+----------+-------------------------------------------
     0 | D:1      | AstroCodex24 the Vampire Fighter began the quest for the
                  | Orb.
     0 | D:1      | Reached XP level 1. HP: 17/17 MP: 1/1
   203 | D:4      | Reached XP level 2. HP: 20/23 MP: 2/2
   250 | D:4      | Identified the ring of Plog {rElec MP+9 Dex+2}
   359 | D:3      | Reached skill level 3 in Armour
   511 | D:3      | Gained mutation: You are afflicted with vampirism and can
                  | become a bat while bloodless. [Vampire growth]
   511 | D:3      | Reached XP level 3. HP: 15/28 MP: 3/3
   742 | D:5      | Entered Level 5 of the Dungeon
   794 | D:5      | Slain by a sleepcap

Illustrated notes

Levels and vault maps discovered:
D:1:      roderic_crop_circles_arrival_small, layout_rooms,
          ebering_ecumenical_altar_petrified, minivault_19
D:2:      layout_loops_cross, basic_altar, serial_bayou, serial_bayou_lagoon_a,
          serial_bayou_pond_e, serial_bayou_pond_c, serial_bayou_pond_a,
          minmay_crystal_room
D:3:      layout_loops_ring, minmay_divided_ellipse
D:4:      layout_gridville, cheibrodos_gnoll_hut, uniq_menkaure, uniq_ijyb
D:5:      layout_layer_cave, minmay_misc_feat_tower, serial_bayou_crossing

Skill      XL: |  1  2 |
---------------+-------+-----
Axes           | 2 |  2.6
Armour         | 3 |  3.0
Fighting       | |  2.9
Stealth        | |  0.4
Shields        | |  2.8

Action                     || total
---------------------------++-------
  Melee: War axe           ||    76
         Bite              ||     8
 Armour: Scale mail        ||    37
  Dodge: Dodged            ||    32
  Block: Buckler           ||    20

Table legend: (Time is in decaauts)
 A = Elapsed time spent in this place.
 B = Non-inter-level travel time spent in this place.
 C = Inter-level travel time spent in this place.
 D = Time resting spent in this place.
 E = Time spent auto-exploring this place.
 F = Levels seen in this place.
 G = Mean time per level.
                   A        B        C        D        E       F      G
               +--------+--------+--------+--------+--------+-----+--------+
         Total |    827 |    771 |     56 |      0 |      0 |   5 |  165.4 |
       Dungeon |    827 |    771 |     56 |      0 |      0 |   5 |  165.4 |
               +--------+--------+--------+--------+--------+-----+--------+

Top non-repeatable levels by time:
     D:3: 368 daAuts
     D:4: 271 daAuts
     D:1: 89 daAuts
     D:5: 52 daAuts
     D:2: 46 daAuts
